[Event "***Titled Tuesday 3|2 Blitz"]
[Site "Chess.com"]
[Date "2017.02.07"]
[Round "3"]
[White "Divertissement"]
[Black "ZEN-22"]
[Result "1-0"]
[WhiteElo "2439"]
[BlackElo "2357"]
[TimeControl "180+2"]
[EndTime "13:43:21 PST"]
[Termination "Divertissement won by resignation"]

1. d4 Nf6 2. Nf3 d6 3. c4 g6 4.
g3 Bg7 5. Bg2 O-O 6. O-O Ne4 7.
Qc2 f5 8. Nbd2 Nxd2 9. Bxd2 Nc6 10. Bc3 e5 11. dxe5 dxe5 12. e3 e4 13. Nd2 a5 14.
Rad1 Qe7 15. Bxg7 Kxg7 16. Nb3 h5 17. Nd4 Ne5 18. Qc3 Kh6 19. Ne2 c5 20. Nf4 Ra6 21.
Rd5 Re8 22. Rfd1 h4 23. gxh4 Ng4 24. h3 Nf6 25. R5d2 Nh5 26. Ne2 Qxh4 27. Rd6 Rxd6 28. Rxd6 Qe7 29. Qd2 Be6 30. b3 a4 31. Nf4 Nxf4 32. exf4 Kg7 33. Kh2 Qc7 34. Qc3+ Kf7 35. Qe5 Qc8 36. bxa4 Re7 37. a5 Qe8 38. Qc3 Rd7 39. Qe5 Rxd6 40. Qxd6 Qe7 41. Qb8 Bxc4 42. Qh8 Bxa2 43. Qh7+ Kf6 44. Qh8+ Qg7 45. Qh4+ Kf7 46. Qd8 Qd4 47. Qc7+ Kf6 48. Qb6+ Be6 49. Qxb7 Qxf2 50. Qc7 Qd4 51. a6 e3 52. a7 e2 53. a8=Q Bf7 54.
Qh8+ 1-0

[Event "***Titled Tuesday 3|2 Blitz"]
[Site "Chess.com"]
[Date "2017.02.07"]
[Round "3"]
[White "hansen"]
[Black "BillieKimbah"]
[Result "1/2-1/2"]
[WhiteElo "2633"]
[BlackElo "2594"]
[TimeControl "180+2"]
[EndTime "13:43:22 PST"]
[Termination "Game drawn by agreement"]

1. e4 e5 2. Nf3 Nc6 3. Bb5 a6 4. Ba4 Nf6 5. O-O Be7 6. Re1 b5 7. Bb3 d6 8. c3 O-O 9. h3 Nb8 10. d4 Nbd7 11. Nbd2 Bb7 12. Bc2 Re8 13. Nf1 Bf8 14. Ng3 g6 15. a4 Bg7 16. Bd3 exd4 17. cxd4 c5 18. axb5 axb5 19. Rxa8 Bxa8 20. Bxb5 cxd4 21. Nxd4 Nxe4 22. Nxe4 Rxe4 23. Rxe4 Bxe4 24. Be3 Ne5 25. Bf1 Qh4 26. b4 d5 27. b5 Nc4 28.
Bxc4 dxc4 29. Qa4 Bxd4 30. Bxd4 Qg5 31. f3 Bxf3 32. Qc2 h5 33. b6 Bb7 34. Qe2 Kh7 35.
Qf2 Qd5 36. Kh2 f5 37. h4 f4 38. Bc3 g5 39. hxg5 Kg6 40. Qc2+ Kxg5 41. Qe2 Qe4 42.
Qf2 h4 43. Qc5+ Kg4 44. Qf2 h3 45. gxh3+ Kf5 46. Qc5+ Kg6 47. Qd6+ Kh5 48. Qe5+ Qxe5 49. Bxe5 Kg5 50. Kg1 Kf5 1/2-1/2

[Event "***Titled Tuesday 3|2 Blitz"]
[Site "Chess.com"]
[Date "2017.02.07"]
[Round "3"]
[White "chessdude"]
[Black "Durarbayli"]
[Result "0-1"]
[WhiteElo "2421"]
[BlackElo "2613"]
[TimeControl "180+2"]
[EndTime "13:43:29 PST"]
[Termination "Durarbayli won by resignation"]

1. e4 e5 2. Nf3 Nc6 3. Bc4 Bc5 4. O-O Nf6 5. d3 O-O 6. h3 h6 7. a4 a6 8. c3 d6 9. Re1 Ba7 10. Nbd2 Be6 11. a5 Qd7 12. Bxe6 fxe6 13. Nf1 Nh5 14. g3 Rf7 15. Be3 Bxe3 16. Rxe3 Raf8 17. N1h2 Nf6 18. Kg2 Kh7 19. Re2 Ne7 20. Nd2 Ng6 21. Ng4 Nh5 22. Re3 d5 23. Rf3 d4 24. c4 c5 25. Rxf7 Qxf7 26. Kg1 Nf6 27. Qe2 Nxg4 28. hxg4 Ne7 29. Kg2 Nc6 30. Nf3 g5 31. Ne1 Qc7 32. Qd2 Nb4 33. Nc2 Nc6 34. b3 Qf7 35. Qe2 Kg7 36. Ra4 Qe7 37. Ra1 Qd8 38. Qd2 Qf6 39. Qe2 Rf7 40. Ra4 Qe7 41. Ra1 Qd8 42. Qd2 Ne7 43. b4 cxb4 44. Nxb4 Ng8 45. Nc2 Nf6 46.
Qe2 Nd7 47. Qd2 Nc5 48. Rb1 Qf6 49. Qe2 Nxd3 50. Qxd3 Qxf2+ 51. Kh1 Rf3 52. Rxb7+ Kg6 53.
Qd1 Rxg3 0-1

[Event "***Titled Tuesday 3|2 Blitz"]
[Site "Chess.com"]
[Date "2017.02.07"]
[Round "3"]
[White "Janosik"]
[Black "Cryptochess"]
[Result "1-0"]
[WhiteElo "2619"]
[BlackElo "2409"]
[TimeControl "180+2"]
[EndTime "13:43:39 PST"]
[Termination "Janosik won by resignation"]

1. d4 Nf6 2. c4 e6 3. Nc3 Bb4 4. Qc2 Nc6 5. Nf3 d6 6. Bd2 O-O 7. a3 Bxc3 8. Bxc3 Qe7 9. e3 e5 10. dxe5 dxe5 11. h3 a5 12. Be2 Nd7 13. O-O a4 14.
Rad1 Nc5 15. Rfe1 g6 16. Bb4 Bf5 17. Qc3 Rfd8 18. Rd5 Nxb4 19. axb4 Ne4 20. Rxe5 Qd6 21. Qc1 Qxb4 22. g4 f6 23. Rb5 Qe7 24. gxf5 c6 25. Rb6 Qc7 26. c5 gxf5 27. Nd4 Kh8 28. f4 Rg8+ 29. Kh2 Qd7 30. Rg1 Rxg1 31. Qxg1 Rg8 32.
Qe1 Qg7 33. Bf3 Ng3 34. Rb4 h5 35. Rxa4 h4 36. Ra1 Re8 37. Qf2 Qe7 38. Re1 Qxc5 39. Qd2 Rg8 40. Qc3 Qd6 41. Ne2 Qe6 42. Rg1 Nxe2 43.
Bxe2 Re8 44. Bf3 Qd6 45. Rg6 Re6 46. Rg2 Kh7 47. Rd2 Qe7 48. Qd3 Rxe3 49. Qxf5+ Kg7 50. Rg2+ Kf8 51. Qg6 Qe6 52. Qh6+ Ke7 53. Bg4 Qe4 54.
Qg7+ Kd6 55. Qxf6+ Kc5 56. Qe5+ Qxe5 57. fxe5 Rxe5 58.
Rf2 Kb4 59. Kg2 Kb3 60. Kf3 Rc5 61. Kf4 b5 62. Be6+ Kb4 63. Bf5 Rc4+ 64. Kg5 c5 65. Bg4 Kb3 66. Be6 1-0

[Event "***Titled Tuesday 3|2 Blitz"]
[Site "Chess.com"]
[Date "2017.02.07"]
[Round "3"]
[White "pedromartinez91"]
[Black "JSMastropiero"]
[Result "1-0"]
[WhiteElo "2290"]
[BlackElo "2154"]
[TimeControl "180+2"]
[EndTime "13:43:39 PST"]
[Termination "pedromartinez91 won by resignation"]

1. e3 d5 2. a3 e5 3. d4 exd4 4.
exd4 Nf6 5. Bd3 c5 6. Nf3 c4 7. Be2 Nc6 8. O-O Be7 9. Bf4 O-O 10. Nc3 h6 11. Ne5 Be6 12. Bg3 Nxe5 13. dxe5 Ne4 14. Bf3 Nxc3 15. bxc3 Qa5 16. Qd2 Rfd8 17. Rfb1 b5 18.
Bf4 Rab8 19. Be3 a6 20. Bd4 Qc7 21. Be2 Bc5 22. f4 Bf5 23. Bf3 Qa7 24. Re1 Bxd4+ 25. cxd4 c3 26. Qf2 b4 27. axb4 Rxb4 28. g4 Bxc2 29. Qxc2 Qxd4+ 30. Qf2 Qxf4 31. Rac1 d4 32. Be2 Qxe5 33. Bd3 Qg5 34. Qf5 Qxf5 35. gxf5 a5 36.
f6 gxf6 37. Ra1 a4 38. Reb1 Rdb8 39. Rc1 Kf8 40. Kf2 Ke7 41. Ra2 Rb2+ 42. Rc2 Rxa2 43. Rxa2 Rb2+ 44. Rxb2 cxb2 45. Ke2 a3 46. Bb1 Kd7 47.
Kd3 Kd6 48. Kxd4 Ke6 49. h4 f5 50. h5 Kf6 51. Kc3 Kg5 52. Kb3 f4 53. Kxa3 f5 54.
Kxb2 f3 55. Kc3 Kf4 56. Kd2 Kg3 57. Ke1 Kg2 58. Bd3 f2+ 59. Kd2 f1=Q 60. Bxf1+ Kxf1 61. Ke3 Kg2 62. Kf4 Kh3 63. Kxf5 Kg3 64. Kg6 Kg4 65. Kxh6 Kf5 66. Kg7 1-0

[Event "***Titled Tuesday 3|2 Blitz"]
[Site "Chess.com"]
[Date "2017.02.07"]
[Round "3"]
[White "Ilja_Semjonovs"]
[Black "PelinGorki"]
[Result "0-1"]
[WhiteElo "2169"]
[BlackElo "2373"]
[TimeControl "180+2"]
[EndTime "13:43:43 PST"]
[Termination "PelinGorki won by resignation"]

1. d4 Nf6 2. Nf3 e6 3. Bg5 h6 4. Bxf6 Qxf6 5. e3 d5 6. Nbd2 c5 7. c3 Nc6 8. Bd3 Bd6 9. Qe2 O-O 10. O-O a6 11. a3 b5 12. b4 c4 13. Bc2 a5 14. e4 Qe7 15. e5 Bb8 16. h3 Bd7 17. Nh2 axb4 18. axb4 Bc7 19. f4 Bb6 20. Nhf3 Rfc8 21.
Kh1 Qd8 22. g4 Rxa1 23. Rxa1 Ra8 24. Rc1 Ra3 25. Bb1 Qa8 26. f5 Qd8 27. Qd1 Qe7 28. Qc2 exf5 29. gxf5 f6 30. e6 Be8 31. Rg1 Bh5 32.
Qb2 Rb3 33. Qc1 Nxb4 34. Nh4 Nc6 35. Nxb3 cxb3 36. Qxh6 Be2 37. Qe3 Bh5 38. Ng6 Bxg6 39. Rxg6 b4 40. h4 bxc3 41. Qxc3 Nxd4 42. Qc8+ Kh7 43.
Qd7 Qxd7 44. exd7 Kg8 45. Rg3 Kf7 46. Kg2 b2 47. h5 Bd8 48. Rd3 Nxf5 49. Rxd5 Ne3+ 50.
Kf3 Nxd5 51. Ba2 Ke6 52. Ke4 Kd6 53. Kf5 Nc3 0-1

[Event "***Titled Tuesday 3|2 Blitz"]
[Site "Chess.com"]
[Date "2017.02.07"]
[Round "3"]
[White "Generalas"]
[Black "AdrianaNikolova"]
[Result "0-1"]
[WhiteElo "2174"]
[BlackElo "2323"]
[TimeControl "180+2"]
[EndTime "13:43:45 PST"]
[Termination "AdrianaNikolova won by resignation"]

1. Nf3 d5 2. b3 Nf6 3. Bb2 e6 4. g3 Be7 5. Bg2 O-O 6. O-O c5 7. e3 Nc6 8. d4 b6 9. Nbd2 Bb7 10. Ne5 Rc8 11. Rc1 Nxe5 12. dxe5 Ne4 13. c4 Nxd2 14. Qxd2 Qd7 15. Rfd1 Rfd8 16. e4 d4 17. f4 f5 18. exf5 exf5 19. Bxb7 Qxb7 20. Qg2 Qa6 21. Ba1 b5 22. Qe2 bxc4 23. Qxc4+ Qxc4 24. Rxc4 Kf7 25. Kf2 Ke6 26. Ke2 Rb8 27. Ra4 Rb7 28. Ra6+ Kd5 29. Kd3 Rc8 30. Rc1 Rc6 31. Ra5 a6 32. Rc4 Ke6 33. Ke2 Rb5 34. Raa4 Kd5 35. Kd3 Bd8 36. Bb2 Ba5 37. Ba3 Bb4 38. Bxb4 cxb4 39.
Rxc6 Kxc6 40. Rxa6+ Kd5 41. Rd6+ Kc5 42. Rd7 Ra5 43.
Rc7+ Kd5 44. Rd7+ Kc5 45. Rxg7 Rxa2 46. Rxh7 Rb2 47. Rc7+ Kd5 48. Rd7+ Kc5 49. e6 Rxb3+ 50. Kc2 Re3 51. e7 b3+ 52. Kb2 Kc4 53. Rc7+ Kb4 54. Rb7+ Kc4 55. e8=Q Rxe8 56. Rxb3 Re2+ 57. Ka3 Re3 58.
Rxe3 dxe3 59. h4 e2 0-1

[Event "***Titled Tuesday 3|2 Blitz"]
[Site "Chess.com"]
[Date "2017.02.07"]
[Round "3"]
[White "Sebastian"]
[Black "olomi007"]
[Result "1-0"]
[WhiteElo "2683"]
[BlackElo "2517"]
[TimeControl "180+2"]
[EndTime "13:43:48 PST"]
[Termination "Sebastian won by checkmate"]

1. e4 c5 2. Nf3 Nc6 3. d4 cxd4 4. Nxd4 g6 5. c4 Bg7 6. Be3 Nf6 7. Nc3 O-O 8. Be2 d6 9. O-O Bd7 10. Qd2 Nxd4 11. Bxd4 Bc6 12. f3 a5 13. b3 Nd7 14. Be3 Nc5 15. Rab1 e6 16. a3 Be5 17. b4 axb4 18. axb4 Qh4 19. g3 Bxg3 20. Bd1 Ra3 21. hxg3 Qxg3+ 22. Qg2 Qxg2+ 23. Kxg2 Rxc3 24. Bd2 Rd3 25. Bh6 Nxe4 26. fxe4 Bxe4+ 27. Kf2 Rc8 28. Ra1 f5 29. Be2 Rb3 30. b5 Rb2 31. Ke1 Kf7 32.
Rf2 e5 33. Rh2 f4 34. Bg5 h5 35. Rf2 Ke6 36. Bf1 Rxf2 37. Kxf2 Kf5 38. Be7 Ke6 39. Bg5 Bf5 40. Be2 Bg4 41. Bf1 Kf5 42. Be7 e4 43.
Bxd6 e3+ 44. Kg1 Ke4 45. c5 f3 46. Ra4+ Kf5 47. Bd3+ Kf6 48. Rf4+ Kg5 49. Re4 e2 50.
Kf2 Ra8 51. Bf4+ Kh4 52. Rb4 g5 53. Bg3+ Kh3 54. Rb1 Be6 55. c6 bxc6 56. bxc6 h4 57. Be5 Kg4 58. c7 Kh5 59. Rb5 Ra1 60. Bxa1 h3 61.
Be5 g4 62. Bf4+ Kh4 63. Bg3# 1-0

[Event "***Titled Tuesday 3|2 Blitz"]
[Site "Chess.com"]
[Date "2017.02.07"]
[Round "3"]
[White "ER404"]
[Black "popov_m"]
[Result "0-1"]
[WhiteElo "2152"]
[BlackElo "2349"]
[TimeControl "180+2"]
[EndTime "13:44:01 PST"]
[Termination "popov_m won by resignation"]

1. e4 e6 2. d4 d5 3. Nd2 c5 4.
exd5 exd5 5. Ngf3 Nf6 6. Bb5+ Bd7 7. Qe2+ Qe7 8. dxc5 Qxe2+ 9. Bxe2 Bxc5 10. O-O O-O 11. Nb3 Bb6 12. Nfd4 Nc6 13. Be3 Rfe8 14. h3 Rac8 15.
c3 Ne5 16. Rfd1 Nc4 17. Bxc4 dxc4 18. Nd2 Nd5 19. Nf1 Ba4 20. Rd2 Nf6 21. b3 cxb3 22. axb3 Bd7 23. c4 a6 24. Nc2 Bc7 25. Rad1 Bf5 26.
f3 h6 27. b4 Be5 28. Bd4 Bf4 29.
Be3 Rxc4 30. Bxf4 Bxc2 31. Rc1 Rxf4 32. Rcxc2 Rxb4 33. Rc7 Rb1 34. Kf2 a5 35. Ne3 a4 36.
Nf5 a3 37. Ra2 Ra8 38. Rc3 b5 39. Rcxa3 Rxa3 40. Rxa3 h5 41. Ra8+ Kh7 42. Rb8 g6 43. Nd6 b4 44. Nxf7 b3 45. Ng5+ Kg7 46. Rb7+ Kg8 47.
Kg3 b2 48. Rb6 Nd5 49. Rxg6+ Kf8 50. Rd6 Rd1 51. Rd8+ Ke7 52. Rb8 b1=Q 53. Rxb1 Rxb1 54. Kh4 Kf6 55. Ne4+ Kg6 56. Ng3 Rb4+ 57. Ne4 Nf6 58. g4 Nxe4 59. fxe4 Rxe4 60. Kg3 hxg4 0-1

[Event "***Titled Tuesday 3|2 Blitz"]
[Site "Chess.com"]
[Date "2017.02.07"]
[Round "3"]
[White "yurisolo"]
[Black "RitvarsReimanis"]
[Result "0-1"]
[WhiteElo "2509"]
[BlackElo "2358"]
[TimeControl "180+2"]
[EndTime "13:44:06 PST"]
[Termination "RitvarsReimanis won by resignation"]

1. e4 e6 2. d4 d5 3. Nc3 c6 4. Nf3 f5 5. exf5 exf5 6. Bf4 Bd6 7. Qd2 Nf6 8. Ne5 Ne4 9. Qe3 O-O 10. f3 Nxc3 11.
bxc3 Re8 12. Bd3 Nd7 13. Kd2 Nxe5 14. Bxe5 c5 15. f4 c4 16. Be2 b5 17. Bf3 Be6 18. a3 Bf7 19. Rhe1 a5 20. Qf2 Bf8 21. g4 fxg4 22.
Bxg4 b4 23. f5 bxc3+ 24. Kxc3 a4 25. Kd2 Qg5+ 26. Qf4 Qxf4+ 27. Bxf4 Rxe1 28. Kxe1 Re8+ 29. Kf2 Re4 30. Kg3 Rxd4 31. f6 h5 32. Bd7 gxf6 33.
h4 c3 34. Kf3 Bg6 35. Be6+ Kh7 36. Rb1 Bxc2 37. Rb7+ Bg7 38. Be3 Rc4 39. Bf4 Rd4 40.
Bd6 Kg6 41. Re7 Be4+ 42. Kf2 c2 43. Bf7+ Kh6 44. Bf4+ Kh7 45. Be6 Bg6 46. Be3 Rd3 47. Rc7 Rxe3 48. Kxe3 c1=Q+ 49. Rxc1 Bh6+ 50. Kd4 Bxc1 51.
Bd7 Bxa3 52. Bxa4 Be4 53. Ke3 Bd6 54. Kf2 Kg6 55. Be8+ Kh6 56. Bc6 f5 57. Be8 d4 58.
Ke2 Bg3 59. Kf1 Bxh4 60. Kg1 Bg5 61. Kf2 d3 62. Ba4 h4 63. Bd1 Kg6 64. Kg1 Kf6 65.
Kh2 Ke5 66. Kh3 Kd4 0-1

[Event "***Titled Tuesday 3|2 Blitz"]
[Site "Chess.com"]
[Date "2017.02.07"]
[Round "3"]
[White "Rozum_Ivan"]
[Black "gammagramma"]
[Result "0-1"]
[WhiteElo "2556"]
[BlackElo "2447"]
[TimeControl "180+2"]
[EndTime "13:44:09 PST"]
[Termination "gammagramma won by checkmate"]

1. e4 d5 2. exd5 Qxd5 3. Nc3 Qd8 4. d4 c6 5. Bc4 Bf5 6. g4 Bg6 7. f4 e6 8. h4 h5 9. f5 exf5 10. g5 Bb4 11. Ne2 Ne7 12. O-O Nd7 13. Nf4 Nb6 14.
Bb3 Bxc3 15. bxc3 Nbd5 16. Bxd5 Nxd5 17. Re1+ Kf8 18. Nxd5 Qxd5 19. Re5 Qc4 20. Qe1 Kg8 21. Bf4 Kh7 22. a4 Rhd8 23. Rc5 Qa6 24. a5 Re8 25.
Re5 Rxe5 26. Qxe5 Qc4 27. Qe3 Rd8 28. Rb1 Qa2 29. Rxb7 Qxc2 30. Rxa7 Qd1+ 31. Kf2 c5 32. Be5 Qh1 33. Qf4 cxd4 34. Bxd4 Re8 35. Be3 Re4 36. Qf3 Qxh4+ 37. Kf1 f4 38. Bf2 Qxg5 39. Rxf7 Qb5+ 40. Kg2 Qg5+ 41. Kf1 Ra4 42. Ra7 Qb5+ 43. Kg1 Qb1+ 44.
Kh2 Ra2 45. Qxf4 Qf1 46. Kg3 Qd3+ 47. Kh4 Rxf2 48. Qxf2 Qe4+ 49. Kg3 Qg4+ 50. Kh2 Be4 51. Re7 Bf5 52. Qd4 Qh3+ 53. Kg1 Qg3+ 54. Kf1 Bd3+ 55. Re2 Qf3+ 56. Kg1 Qxe2 57. Qc5 Qf1+ 58. Kh2 Qf4+ 59. Kg2 Be4+ 60. Kg1 Qg3+ 61. Kf1 Bd3# 0-1

[Event "***Titled Tuesday 3|2 Blitz"]
[Site "Chess.com"]
[Date "2017.02.07"]
[Round "3"]
[White "jb2mix"]
[Black "Tesla37"]
[Result "1/2-1/2"]
[WhiteElo "2416"]
[BlackElo "2592"]
[TimeControl "180+2"]
[EndTime "13:44:16 PST"]
[Termination "Game drawn by repetition"]

1. d4 Nf6 2. c4 d6 3. Nc3 Nbd7 4.
Nf3 e5 5. Bg5 Be7 6. e3 O-O 7. Be2 c6 8. O-O h6 9. Bh4 Re8 10. Rc1 exd4 11. Nxd4 Ne5 12. Bg3 Bf8 13. Qd2 Bd7 14. Rfd1 Qc7 15. b4 a5 16. b5 a4 17.
h3 Qa5 18. Nf3 Bf5 19. Nd4 Bd7 20. f4 Ng6 21. Bf3 Qc7 22. e4 Rad8 23. Re1 a3 24. Bf2 h5 25. Nf5 Be6 26. Nd5 Bxd5 27. cxd5 c5 28. Bd4 Nh7 29. Bxh5 Qb6 30. Ba1 Qxb5 31. Rb1 Qa6 32. Qc3 Nf6 33. Nh6+ Kh7 34. Bxg6+ fxg6 35. Nf7 Rd7 36. Ng5+ Kg8 37. Qg3 Qc4 38. Rbc1 Qxa2 39. Ne6 Rxe6 40. dxe6 Qxe6 41. e5 dxe5 42. Bxe5 a2 43.
Qxg6 b5 44. f5 Qf7 45. Qg5 b4 46. Qe3 c4 47. g4 b3 48. g5 Nd5 49. Qf2 Nb4 50. g6 Qd5 51. f6 Bc5 52. f7+ Kf8 53.
Bd4 Be7 54. Rxe7 Qg5+ 55. Kh1 Qxe7 56. Bc5 Rd6 57. Re1 Nd3 58. Rxe7 Nxf2+ 59. Kg2 Kxe7 60.
Bxd6+ Ke6 61. f8=Q a1=Q 62. Qe7+ Kd5 63. Bg3 Ne4 64.
Qd7+ Kc5 65. Qe7+ Kd5 66. Qd7+ Kc5 67. Qe7+ Kd5 68. Qd7+ 1/2-1/2

[Event "***Titled Tuesday 3|2 Blitz"]
[Site "Chess.com"]
[Date "2017.02.07"]
[Round "3"]
[White "Grebeniuk-S"]
[Black "Yaacovn"]
[Result "1-0"]
[WhiteElo "2442"]
[BlackElo "2583"]
[TimeControl "180+2"]
[EndTime "13:44:35 PST"]
[Termination "Grebeniuk-S won on time"]

1. d4 Nf6 2. Nf3 e6 3. e3 b6 4.
Bd3 Bb7 5. Nbd2 Be7 6. O-O d6 7. b3 O-O 8. Bb2 c5 9. dxc5 bxc5 10. e4 e5 11. Re1 Nc6 12. Nc4 Nb4 13. a3 Nxd3 14.
Qxd3 Qc7 15. Rad1 Rfd8 16. Bc3 Qc6 17. Na5 Qa6 18. Qxa6 Bxa6 19. Nc6 Kf8 20. Nxd8 Rxd8 21. Nd2 Ke8 22. Nf1 Nd7 23. Ne3 Rc8 24. Nf5 Rc6 25. Nxg7+ Kf8 26. Nf5 Nb6 27. Ba5 Nd7 28. c4 Bc8 29.
Rd2 Ra6 30. b4 Nf6 31. f3 Be6 32. Ne3 Nd7 33. Red1 Bg5 34. Kf2 cxb4 35. Bxb4 Kg7 36. Rxd6 Nb6 37. Nf5+ Bxf5 38. exf5 Ra4 39. c5 Nc4 40. c6 Be3+ 41. Ke2 Bb6 42. Rd7 a5 43. Be7 Nb2 44. f6+ Kg6 45. Rb1 Nc4 46. c7 Bxc7 47. Rxc7 e4 48. fxe4 Ne5 49. Ke3 Ng4+ 50. Kf4 Nf2 51.
Ke3 Ng4+ 52. Kf3 Ne5+ 53. Kg3 Rxe4 54. Rb5 h5 55. Rxa5 h4+ 56. Kh3 Nd3 57. g3 Re2 58. gxh4 Re3+ 59. Kg2 Nf4+ 60. Kf2 Rb3 61. Rg5+ Kh7 62.
Rc8 Nh3+ 63. Ke2 Rb2+ 64. Kd3 Rb3+ 65. Kc2 1-0

[Event "***Titled Tuesday 3|2 Blitz"]
[Site "Chess.com"]
[Date "2017.02.07"]
[Round "3"]
[White "Evgeny_Levin"]
[Black "Lukianoo"]
[Result "1-0"]
[WhiteElo "2766"]
[BlackElo "2598"]
[TimeControl "180+2"]
[EndTime "13:44:36 PST"]
[Termination "Evgeny_Levin won by checkmate"]

1. d4 Nf6 2. c4 e6 3. Nf3 Bb4+ 4.
Nbd2 b6 5. a3 Bxd2+ 6. Qxd2 Bb7 7. e3 O-O 8. b4 d6 9. Be2 Nbd7 10. O-O Ne4 11. Qc2 f5 12. Bb2 Rf6 13. c5 Bd5 14. c6 Nf8 15. Ne1 Rh6 16. g3 Ng5 17. f3 Qe8 18. h4 Nf7 19. b5 e5 20. e4 fxe4 21.
fxe4 Be6 22. d5 Bh3 23. Rf2 Rd8 24. Bc1 Rg6 25. Kh2 Bc8 26. Bh5 Rf6 27. Bg5 Rxf2+ 28.
Qxf2 g6 29. Bxd8 Qxd8 30. Be2 Nh6 31. Ng2 Kg7 32. Rf1 Qe7 33. Ne3 Ng8 34. Bg4 Bxg4 35. Nxg4 h5 36. Ne3 Nf6 37. Qf3 N8h7 38. Qg2 Qd8 39. Qc2 Qc8 40. Kg2 a5 41. Qf2 Qe8 42.
Qf3 Qe7 43. Kf2 Qd8 44. Ke2 a4 45. Kf2 Qa8 46. Rb1 Qa5 47. Rb4 Qa8 48. Qd1 g5 49.
Rxa4 Qc8 50. Qf3 Qh3 51. Qg2 Qc8 52. Ke2 Kg6 53. Qf3 Kg7 54. Qf5 Qd8 55. Ra7 gxh4 56. gxh4 Nf8 57. Qg5+ Ng6 58. Nf5+ Kf7 59. Qh6 Nf4+ 60.
Kd1 Ne8 61. Qh7+ Kf8 62. Qd7 Qf6 63. Ra8 Qg6 64. Rxe8+ Qxe8 65. Qg7# 1-0

[Event "***Titled Tuesday 3|2 Blitz"]
[Site "Chess.com"]
[Date "2017.02.07"]
[Round "3"]
[White "Sanan_Sjugirov"]
[Black "GMHess"]
[Result "1-0"]
[WhiteElo "2647"]
[BlackElo "2581"]
[TimeControl "180+2"]
[EndTime "13:44:56 PST"]
[Termination "Sanan_Sjugirov won by resignation"]

1. d4 Nf6 2. Nf3 e6 3. Bg5 h6 4. Bh4 d5 5. Nbd2 c6 6. e3 Be7 7.
Bd3 Nbd7 8. c3 Nh7 9. Bxe7 Qxe7 10. Ne5 Nxe5 11. dxe5 Nf8 12. f4 Bd7 13. b4 c5 14.
bxc5 Qxc5 15. Qe2 Bc6 16. O-O Nd7 17. Nb3 Qe7 18. Nd4 Nc5 19. Bc2 O-O 20. Qg4 f5 21. Qe2 Ba4 22. Bd3 Rac8 23. Rab1 Rc7 24. Kh1 Bd7 25. Rg1 Nxd3 26. Qxd3 Rfc8 27. Rgc1 Qa3 28. Ne2 a6 29. Qd2 Bb5 30. Rb3 Qa5 31. Nd4 Bd7 32. h3 Qc5 33. Kh2 a5 34. Rcb1 Qa7 35. Rb6 Re8 36. Qb2 Bc8 37. Qb5 Bd7 38. Qb2 Bc6 39. Rg1 a4 40. a3 Qa5 41. Qb4 Qxb4 42.
cxb4 Bd7 43. Rd6 Bc8 44. Re1 Rc3 45. Nb5 Rb3 46. Kg3 Kh7 47. Kf3 Re7 48. Rc1 Bd7 49. Nd4 Rxa3 50. Rc7 Ra1 51. Rdxd7 Rxd7 52. Rxd7 a3 53.
Nc2 Ra2 54. Rc7 d4 55. exd4 Rb2 56. Nxa3 Rb3+ 57. Kf2 Rxa3 58. Rxb7 Rd3 59. Rd7 Rb3 60. Rd6 Rxb4 61. g4 fxg4 62. hxg4 Kg8 63. f5 exf5 64.
gxf5 Kf7 65. Rd7+ Ke8 66. Rxg7 Rxd4 67. Kf3 h5 68. Rh7 h4 69. e6 Rd5 70. Ke4 Rd1 71. Rxh4 1-0

[Event "***Titled Tuesday 3|2 Blitz"]
[Site "Chess.com"]
[Date "2017.02.07"]
[Round "3"]
[White "AlexanderL"]
[Black "EltajSafarli"]
[Result "1/2-1/2"]
[WhiteElo "2597"]
[BlackElo "2814"]
[TimeControl "180+2"]
[EndTime "13:45:06 PST"]
[Termination "Game drawn - insufficient material"]

1. d4 e6 2. c4 b6 3. e4 Bb7 4.
Bd3 Bb4+ 5. Kf1 f5 6. exf5 Nf6 7. c5 bxc5 8. a3 c4 9. Bxc4 Ba5 10. fxe6 dxe6 11.
Bxe6 Ba6+ 12. Ne2 Nc6 13. d5 Qd6 14. Nc3 Bxc3 15. bxc3 Bc4 16. Be3 Bxd5 17. Nf4 Bxe6 18. Qxd6 Bc4+ 19. Qd3 Bxd3+ 20. Nxd3 O-O 21. Ke2 Nd5 22. c4 Nc3+ 23. Kd2 Ne4+ 24. Kc2 Na5 25. c5 Nc4 26. Rhe1 Nxe3+ 27. Rxe3 Nxf2 28. Rf1 Ng4 29. Rxf8+ Rxf8 30. Re7 Rf7 31. Re8+ Rf8 32. Re7 Rc8 33.
Nf4 Nf6 34. Ne6 Re8 35. Rxe8+ Nxe8 36. Kd3 Kf7 37. Nd8+ Ke7 38. Nc6+ Kd7 39. Nb8+ Kc8 40. Nc6 a6 41. Kd4 Nf6 42. h3 Nd7 43. Ne7+ Kb8 44. Kd5 Nf6+ 45. Ke6 Nh5 46. Kf7 g5 47. Nd5 Kb7 48.
Nf6 Nf4 49. Nxh7 Nxg2 50. Nxg5 Kc6 51. Ne6 a5 52. Kf6 Kd5 53. Nxc7+ Kxc5 54. Kg5 a4 55. Ne6+ Kc4 56. Nf4 Ne1 57. Kg4 Nc2 58. h4 Nxa3 59. h5 Nb5 60. h6 Nd6 61. h7 Nf7 62. Ne2 Kd3 63. Nc1+ Ke4 64. Kh5 Kf5 65. Na2 a3 66. Kh4 Kg6 67. Kg4 Kxh7 68. Kf4 Nd6 69. Ke5 Nb5 70. Kd5 Nc7+ 71. Kc4 Ne6 72. Kb3 Ng7 73. Kxa3 Nf5 74. Nc3 Ng7 75. Na2 Ne6 76. Nc3 Ng7 77. Kb3 Kg6 78. Kc4 Ne6 79. Kd5 Kf5 80. Ne2 Nf4+ 81.
Nxf4 1/2-1/2

[Event "***Titled Tuesday 3|2 Blitz"]
[Site "Chess.com"]
[Date "2017.02.07"]
[Round "3"]
[White "ka1ser64"]
[Black "macko06"]
[Result "1/2-1/2"]
[WhiteElo "2296"]
[BlackElo "2369"]
[TimeControl "180+2"]
[EndTime "13:45:21 PST"]
[Termination "Game drawn - insufficient material"]

1. d4 Nf6 2. c4 e6 3. Nf3 b6 4. Bf4 Bb7 5. e3 Be7 6. Bd3 O-O 7. O-O c5 8. Nc3 cxd4 9. exd4 d5 10. b3 Nc6 11. Rc1 Rc8 12. Qd2 Nb4 13. Be2 Ba6 14.
Ne5 dxc4 15. bxc4 Bd6 16. Rfd1 Qe7 17. a3 Nc6 18. c5 bxc5 19. Bxa6 cxd4 20. Nxc6 Rxc6 21.
Bxd6 Qxd6 22. Bb5 Rc5 23. a4 e5 24. Ne2 Rxc1 25. Rxc1 Ne4 26. Qc2 Nf6 27. Qd3 Rd8 28.
h3 h6 29. Rc6 Qd5 30. Qc4 Qe4 31. Rc7 Qg6 32. Qd3 Qxd3 33. Bxd3 e4 34. Bc4 d3 35.
Bxf7+ Kf8 36. Nc3 d2 37. Nd1 Rb8 38. Bc4 Rb1 39. Be2 Nd5 40. Rc2 e3 41. fxe3 Nxe3 42. Rxd2 Ke7 43. Kf2 Nf5 44. Bb5 Nd6 45. Be2 Ne4+ 46.
Ke3 Nxd2 47. Kxd2 Rb4 48. Nc3 Rb2+ 49. Kd3 g5 50. Bf3 Rb3 51. Kc4 Rb2 52. Nd5+ Kd6 53. Nb4 Rb1 54. Kb5 Kc7 55. Ka5 Kd6 56. Kb5 Kc7 57.
a5 Rb2 58. Kc5 h5 59. Nd5+ Kb8 60. Nf6 Rc2+ 61. Kd4 Ra2 62. Nxh5 Rxa5 63. Nf6 Kc7 64. Nd5+ Kd6 65. Ne3 Ra4+ 66. Nc4+ Ke6 67. Kc5 Kf5 68. Ne3+ Kf4 69. Nd5+ Kg3 70. Nc3 Ra3 71. Ne4+ Kf4 72.
Nd2 Ra2 73. Nc4 Kg3 74. Ne3 Ra3 75. Nf5+ Kf4 76. Nd6 Rxf3 77. gxf3 Kxf3 78. Nf7 Kg3 79. Nxg5 Kh4 80. Ne6 Kxh3 81. Kb5 a6+ 82. Kxa6 1/2-1/2

[Event "***Titled Tuesday 3|2 Blitz"]
[Site "Chess.com"]
[Date "2017.02.07"]
[Round "3"]
[White "ArnaudovP"]
[Black "plouarzel"]
[Result "1/2-1/2"]
[WhiteElo "2392"]
[BlackElo "2413"]
[TimeControl "180+2"]
[EndTime "13:45:45 PST"]
[Termination "Game drawn by agreement"]

1. Nf3 Nf6 2. c4 c5 3. Nc3 Nc6 4.
d4 cxd4 5. Nxd4 g6 6. e4 Nxd4 7. Qxd4 d6 8. Be2 Bg7 9. Be3 O-O 10. Qd2 a5 11. O-O a4 12. Rac1 Qa5 13. f3 Be6 14. Nd5 Qxd2 15. Nxe7+ Kh8 16. Bxd2 Rfe8 17. Nd5 Bxd5 18. cxd5 Nxd5 19. Bb5 Re5 20. exd5 Rxd5 21. Bxa4 Rxd2 22. Bb3 Bxb2 23. Rc7 Re8 24. Rc2 Bd4+ 25.
Kh1 Rxc2 26. Bxc2 Re2 27. Bb3 Kg7 28. Rd1 Bc5 29. h3 b5 30. Kh2 h5 31. h4 f6 32. Kg3 g5 33. hxg5 fxg5 34. Rd5 Kf6 35.
Kh3 Re1 36. Rd1 Re2 37. Rd5 b4 38. Rd1 Re3 39. Kh2 Re2 40. Rd5 Re1 41. Rd3 h4 42.
Kh3 Rh1+ 43. Kg4 Rg1 44. Rd2 Re1 45. Kh3 Re5 46. Kh2 Re1 47. Rd5 Rc1 48. Rd1 Rxd1 49. Bxd1 Ke5 50. g3 hxg3+ 51. Kxg3 d5 52. Kg2 Kf4 53.
Kf1 Ke3 54. Bb3 d4 55. Bd5 d3 56. Ke1 Bd4 57. Kd1 Bc3 58. Bc6 Kd4 59. Bb7 Ke3 60. Bc6 Kf4 61. Bb7 Ke5 62. Ba8 Kd4 63. Bb7 Kc4 64.
Ba6+ Kd4 65. Bb7 Bb2 66. Ba8 Kc3 67. Bb7 Ba3 68. Bc6 Bb2 69. Bb7 Kc4 70. Ba6+ Kd4 71. Bb7 Ba1 72. Ba8 Bb2 73. Bb7 Kc3 74. Ba8 d2 75.
Bb7 Bc1 76. Ba8 Kb2 77. Bd5 Ka3 78. Be6 Ka4 79. Bb3+ Kb5 80. Bd5 Kc5 81. Ba8 Kd4 82. Bb7 Ke3 83. Bc6 Kf4 84. Bb7 Kg3 85. Bc6 g4 86.
fxg4 Kxg4 87. Bd5 Kf4 88. Bb3 Ke3 89. Bg8 Kd3 90. Bf7 Kc3 91. Be6 Kd3 92. Bf7 Bb2 93. Be6 Bf6 94. Bf7 Kc3 95. Be6 Bg5 96. Bf7 Bh6 97.
Be6 Kb2 98. Bf7 Bg5 99. Be6 Bf4 100. Bf7 Ka3 101. Be6 Bh6 102. Bb3 Bg5 103. Bf7 Ka4 104. Bb3+ Ka5 105. Bf7 Be3 106. Bb3 Kb5 107. Bf7 Ka4 108. Bb3+ Ka3 109. Be6 b3 110. Bxb3 Bh6 111. Ke2 d1=Q+ 112. Kxd1 Bg7 113. Kc2 Bf8 1/2-1/2